 Dungeon Crawl Stone Soup version 0.27-a0-1144-g0b7d3b79db (webtiles) character file.

Game seed: 5077846003705021387

45 jien the Covered (level 3, -1/23 HPs)
             Began as a Gargoyle Fighter on May 10, 2021.
             Slain by a phantom (4 damage)
             ... on level 2 of the Dungeon.
             The game lasted 00:01:46 (1079 turns).

jien the Covered (Gargoyle Fighter)                 Turns: 1079, Time: 00:01:47

Health: -1/23      AC: 10    Str: 20    XL:     3   Next: 64%
Magic:  3/3        EV: 11    Int:  8    God:
Gold:   110        SH:  9    Dex:  9    Spells: 2/2 levels left

rFire    . . .     SeeInvis .   a - +0 war axe
rCold    . . .     Faith    .   c - +0 kite shield
rNeg     + . .     Spirit   .   b - +0 scale mail
rPois    ∞         Reflect  .   (no helmet)
rElec    +         Harm     .   (no cloak)
rCorr    .         Rampage  .   (no gloves)
Will     .....                  (no boots)
Stlth    ..........             (no amulet)
HPRegen  0.07/turn              k - +4 ring of evasion
MPRegen  0.08/turn              (no ring)

@: no status effects
A: sickness immunity, AC +3, negative energy resistance 1, electricity
resistance, torment resistance 1, petrification resistance
a: no special abilities


You were on level 2 of the Dungeon.
You visited 1 branch of the dungeon, and saw 2 of its levels.

You collected 110 gold pieces.

Inventory:

Hand Weapons
 a - a +0 war axe (weapon)
Armour
 b - a +0 scale mail (worn)
 c - a +0 kite shield (worn)
Jewellery
 k - a +4 ring of evasion (left hand)
Scrolls
 e - a scroll of amnesia {unknown}
 f - a scroll of teleportation {unknown}
Potions
 d - a potion of might
 g - a potion of heal wounds {unknown}
 h - a potion of haste {unknown}
 i - 3 potions of curing {unknown}


   Skills:
 + Level 3.6 Fighting
 * Level 2.4 Axes
 + Level 3.8 Armour
 + Level 3.7 Shields


You had 2 spell levels left.
You didn't know any spells.
Your spell library contained the following spells:

 Spells                   Type           Power      Damage    Failure   Level
 Freeze                   Ice            0%         1d3       99%         1
 Frozen Ramparts          Ice            0%         1d2       100%        3
 Ozocubu's Armour         Ice            0%         N/A       100%        3
 Hailstorm                Conj/Ice       0%         3d3       100%        4
 Metabolic Englaciation   Hex/Ice        0%         N/A       100%        5


Dungeon Overview and Level Annotations

Branches:
Dungeon (2/15)

Altars:


Innate Abilities, Weirdness & Mutations

You are immune to sickness and miasma.
Your stone body is resilient. (AC +3)
You are immune to poison.
You resist negative energy. (rN+)
You are resistant to electric shocks. (rElec)
You are resistant to unholy torment.
You are immune to petrification.


Message History

The phantom is moderately damaged.
You block the phantom's attack. The phantom hits you.
The phantom blinks!
You blink.
Unknown command.
You miss the phantom.
The phantom is moderately damaged.
The phantom hits you but does no damage.
The phantom barely misses you.
You closely miss the phantom.
The phantom is moderately damaged.
You block the phantom's attack.
You hit the phantom but do no damage.
The phantom is moderately damaged.
The phantom hits you but does no damage.
You block the phantom's attack.
You closely miss the phantom.
The phantom is moderately damaged.
The phantom closely misses you.
You completely miss the phantom.
The phantom is moderately damaged.
The phantom closely misses you. The phantom barely misses you.
You hit the phantom but do no damage.
The phantom is moderately damaged.
The phantom closely misses you. The phantom hits you.
You hit the phantom.
The phantom is moderately damaged.
The phantom hits you.
You miss the phantom.
The phantom is moderately damaged.
You block the phantom's attack. The phantom hits you.
* * * LOW HITPOINT WARNING * * *
You hit the phantom but do no damage.
The phantom is moderately damaged.
The phantom hits you.
* * * LOW HITPOINT WARNING * * *
The phantom blinks!
You blink.
You closely miss the phantom.
The phantom is moderately damaged.
The phantom closely misses you. The phantom hits you.
You die...

.### . . . . # # ##
##. # #.#.. ..# #
#.#.#####.# #
###......##.# #
#...........#####
######.##...#.#.@....#
.......##...[..W.....#
..).......#..........#
.>...[.......##......#
######.##.#..##......#
.# #..........######
.# #.##....#### .#
#.##..... ## #....
...#


You could see a phantom.

Vanquished Creatures
  An adder (D:2)
  4 bats
  4 endoplasms
  A giant cockroach (D:2)
  2 goblins (D:1)
  4 hobgoblins
  5 jackals (D:1)
  2 kobolds
  4 quokkas
  2 ball pythons (D:1)
  A frilled lizard (D:1)
  A rat (D:1)
31 creatures vanquished.

Vanquished Creatures (others)
  6 fungi (D:2)
  3 toadstools (D:2)
9 creatures vanquished.

Grand Total: 40 creatures vanquished

Notes
Turn   | Place    | Note
-------+----------+-------------------------------------------
     0 | D:1      | jien the Gargoyle Fighter began the quest for the Orb.
     0 | D:1      | Reached XP level 1. HP: 14/14 MP: 1/1
   209 | D:1      | Reached XP level 2. HP: 16/19 MP: 2/2
   577 | D:1      | Reached XP level 3. HP: 23/23 MP: 3/3
  1052 | D:2      | Noticed a phantom
  1079 | D:2      | Slain by a phantom

Illustrated notes

Levels and vault maps discovered:
D:1:      tarquinn_simple_flora_water_f, layout_basic, st_stairs_9
D:2:      layout_loops_cross, grunt_ministairs_4, minmay_gold_behind_fungi,
          kennysheep_jessica_study

Skill      XL: |  1  2 |
---------------+-------+-----
Axes           | 2 |  2.4
Fighting       | |  3.6
Armour         | |  3.8
Shields        | |  3.7

Action                   || total
-------------------------++-------
Melee: War axe           ||   145
Armor: Scale mail        ||   105
Dodge: Dodged            ||    70
Block: Kite shield       ||   107

Table legend: (Time is in decaauts)
 A = Elapsed time spent in this place.
 B = Non-inter-level travel time spent in this place.
 C = Inter-level travel time spent in this place.
 D = Time resting spent in this place.
 E = Time spent auto-exploring this place.
 F = Levels seen in this place.
 G = Mean time per level.
                   A        B        C        D        E       F      G
               +--------+--------+--------+--------+--------+-----+--------+
         Total |   1168 |   1140 |     28 |      0 |    814 |   2 |  584.0 |
       Dungeon |   1168 |   1140 |     28 |      0 |    814 |   2 |  584.0 |
               +--------+--------+--------+--------+--------+-----+--------+

Top non-repeatable levels by time:
     D:1: 807 daAuts
     D:2: 361 daAuts
